 Dungeon Crawl Stone Soup version 0.22.0-18-ge075c0d (webtiles) character file.

227 Gigofroid the Ruffian (level 5, 0/45 HPs)
             Began as a Minotaur Transmuter on Aug 18, 2018.
             Slain by an orc wizard
             ... wielding a +0 dagger of flaming
              (2 damage)
             ... on level 4 of the Dungeon.
             The game lasted 00:06:18 (3355 turns).

Gigofroid the Ruffian (Minotaur Transmuter)         Turns: 3355, Time: 00:06:18

Health: 0/45       AC:  6    Str: 15    XL:     5   Next: 70%
Magic:  6/6        EV: 13    Int: 10    God:
Gold:   86         SH:  0    Dex: 11    Spells: 5/6 levels left

rFire    . . .     SeeInvis .     - Unarmed
rCold    + . .     Gourm    +   (no shield)
rNeg     . . .     Faith    .   b - +0 robe
rPois    +         Spirit   .   (helmet restricted)
rElec    .         Reflect  .   (no cloak)
rCorr    .         Harm     .   e - +0 pair of gloves
MR       .....                  f - +2 pair of boots
Stlth    +.........             r - amulet of the gourmand
HPRegen  0.15/turn              k - ring of poison resistance
MPRegen  0.10/turn              w - ring of protection from cold

@: no status effects
A: retaliatory headbutt, horns 2
a: no special abilities


You were on level 4 of the Dungeon.
You were completely stuffed.

You visited 1 branch of the dungeon, and saw 4 of its levels.

You collected 86 gold pieces.

Inventory:

Missiles
 a - 106 arrows
Armour
 b - a +0 robe (worn)
 e - a +0 pair of gloves (worn)
 f - a +2 pair of boots (worn)
Jewellery
 h - an uncursed ring of ice
 k - a ring of poison resistance (left hand)
 r - an amulet of the gourmand (around neck)
 w - a ring of protection from cold (right hand)
Wands
 p - a wand of digging (8)
Scrolls
 c - 6 scrolls of remove curse {unknown}
 g - 7 scrolls of identify
 j - 5 scrolls of teleportation
 m - a scroll of magic mapping {unknown}
 n - a scroll of blinking {unknown}
 o - a scroll of enchant weapon
Potions
 i - a potion of brilliance {unknown}
 l - a potion of curing
 q - a potion of resistance {unknown}
 s - 2 potions of berserk rage {unknown}
 u - a potion of might {unknown}
 v - 2 potions of lignification {unknown}
Comestibles
 d - 7 rations


   Skills:
 + Level 3.1 Fighting
 + Level 2.7 Armour
 + Level 3.5 Dodging
 * Level 5.2 Unarmed Combat
 - Level 1.3 Spellcasting
 - Level 1.5 Transmutations


You had 5 spell levels left.
You knew the following spells:

 Your Spells              Type           Power        Failure   Level  Hunger
a - Beastly Appendage     Tmut           #.....       19%         1    ##.....

Your spell library contained the following spells:

 Spells                   Type           Power        Failure   Level  Hunger
 Sticks to Snakes         Tmut           #.......     26%         2    ###....
 Spider Form              Tmut/Pois      #.........   58%         3    ####...
 Ice Form                 Ice/Tmut       #.......     94%         4    #####..
 Blade Hands              Tmut           #.........   99%         5    ######.


Dungeon Overview and Level Annotations

Branches:
Dungeon (4/15)
 Temple: D:4-7

Altars:


Innate Abilities, Weirdness & Mutations

You reflexively headbutt those who attack you in melee.
You have a pair of horns on your head.


Message History

The orc hits you but does no damage.
You punch the orc!
You kill the orc!
Something hits you!
* * * LOW HITPOINT WARNING * * *
Something burns you.
* * * LOW HITPOINT WARNING * * *
The orc hits you with a club.
* * * LOW HITPOINT WARNING * * *
You hit something but do no damage. The orc barely misses you.
Something hits you but does no damage.
You barely miss something. The orc hits you but does no damage.
The orc hits you from afar with a trident.
* * * LOW HITPOINT WARNING * * *
You miss something. Something hits you but does no damage.
The orc hits you with a club.
* * * LOW HITPOINT WARNING * * *
The orc barely misses you.
You miss something. Something hits you.
You die...

#.####.##.....#
#......####.###
######## #.# #.#
#.# #.#
##.#######
#........#
#######†@#####.#
#......o{#
#.#####)o# #..#
..... ..#.....
## ##.....
##.#### #.#


You could see 2 orcs.

Vanquished Creatures
  3 orc wizards
  A worker ant (D:4)
  A hound zombie (D:4)
  3 adders
  An ooze (D:3)
  A dart slug (D:1)
  4 leopard geckos
  8 orcs
  6 giant cockroaches
  4 goblins
  4 hobgoblins
  3 jackals (D:1)
  5 kobolds
  A ball python (D:4)
  5 bats
  5 frilled lizards
  4 rats
59 creatures vanquished.

Vanquished Creatures (others)
  An orc wizard (D:4)
1 creature vanquished.

Grand Total: 60 creatures vanquished

Notes
Turn   | Place    | Note
-------+----------+-------------------------------------------
     0 | D:1      | Gigofroid the Minotaur Transmuter began the quest for the Orb.
     0 | D:1      | Reached XP level 1. HP: 16/16 MP: 1/1
   341 | D:1      | Reached XP level 2. HP: 23/23 MP: 3/3
   498 | D:1      | Reached skill level 1 in Armour
  1275 | D:2      | Reached XP level 3. HP: 22/29 MP: 4/4
  1310 | D:2      | Reached skill level 4 in Unarmed Combat
  2294 | D:3      | Reached XP level 4. HP: 21/36 MP: 5/5
  3003 | D:4      | Reached XP level 5. HP: 41/42 MP: 6/6
  3037 | D:4      | Reached skill level 5 in Unarmed Combat
  3354 | D:4      | HP: 2/45 [orc/club (4)]
  3355 | D:4      | Slain by an orc wizard

Skill      XL: |  1  2  3  4  5 |
---------------+----------------+-----
Armour         | 1 2 |  2.7
Fighting       | 2 3 |  3.1
Unarmed Combat | 4 5 |  5.2
Dodging        | 3 |  3.5
Spellcasting   | |  1.3
Transmutations | |  1.5

Action                   |  1- 3 |  4- 6 || total
-------------------------+-------+-------++-------
Melee: Unarmed           |   101 |    80 ||   181
       Headbutt          |    14 |    12 ||    26
  Use: Potion            |     1 |       ||     1
       Scroll            |     6 |     1 ||     7
  Eat: Chunk             |     4 |    20 ||    24
Armor: Robe              |    28 |    20 ||    48
Dodge: Dodged            |    64 |    35 ||    99
